 Dungeon Crawl Stone Soup version 0.30-a0-760-g5a9884bb7c (webtiles) character file.

Game seed: 15928974684212700018

111 mopl the Sneak (level 4, 0/23 HPs)
             Began as a Vine Stalker Brigand on Feb 10, 2023.
             Killed by divine providence
             ... invoked by an orc priest
              (9 damage)
             ... on level 3 of the Dungeon.
             The game lasted 00:02:00 (1076 turns).

mopl the Sneak (Vine Stalker Brigand)               Turns: 1076, Time: 00:02:01

Health: 0/23       AC:  3    Str: 13    XL:     4   Next: 92%
Magic:  0/5        EV: 11    Int: 11    God:
Gold:   78         SH:  0    Dex: 18    Spells: 3/3 levels left

rFire   . . .      SeeInvis .    a - +2 dagger
rCold   . . .      Faith    .    (no shield)
rNeg    . . .      Spirit   +    b - +0 robe
rPois   .          Reflect  .    (no helmet)
rElec   .          Harm     .    c - +0 cloak
rCorr   +          Rampage  .    (no gloves)
Will    .....                    (no boots)
Stlth   +++                      (no amulet)
HPRegen 1.03/turn                k - ring of resist corrosion
MPRegen 0.09/turn                (no ring)

@: no status effects
A: fangs 2, regeneration 1, magic shield, antimagic bite, no potion heal 2
a: no special abilities


You were on level 3 of the Dungeon.
You visited 1 branch of the dungeon, and saw 3 of its levels.

You collected 162 gold pieces.
You spent 84 gold pieces at shops.

Inventory:

Hand Weapons
 a - a +2 dagger (weapon)
Missiles
 d - 12 poisoned darts (quivered)
 e - 3 curare-tipped darts
 m - 6 datura-tipped darts
Armour
 b - a +0 robe (worn)
 c - a +0 cloak (worn)
Jewellery
 k - a ring of resist corrosion (left hand)
Scrolls
 g - a scroll of identify {unknown}
 h - 2 scrolls of teleportation {unknown}
 l - a scroll of magic mapping {unknown}
Potions
 f - 2 potions of flight {unknown}
 i - 2 potions of resistance {unknown}
 j - a potion of curing
 n - a potion of haste {unknown}


   Skills:
 - Level 1.7 Fighting
 + Level 2.9 Short Blades
 + Level 3.0 Throwing
 - Level 0.7 Dodging
 + Level 5.9 Stealth


You had 3 spell levels left.
You didn't know any spells.
Your spell library contained the following spells:

 Spells                   Type           Power      Damage    Failure   Level
 Shock                    Conj/Air       0%         1d3       34%         1
 Swiftness                Air            0%         N/A       71%         3
 Airstrike                Air            0%         2d(0-16)  98%         4


Dungeon Overview and Level Annotations

Branches:
Dungeon (3/15)

Altars:

Shops:
D:1 !


Innate Abilities, Weirdness & Mutations

You have extremely sharp teeth.
Your natural rate of healing is unusually fast.
When hurt, damage is shared between your health and your magic reserves.
Your bite disrupts and absorbs the magic of your enemies.
Potions cannot restore your health.


Message History

An orc comes into view. It is wielding a +0 hand axe.
You see here 11 gold pieces.
The orc priest shouts!
An orc comes into view. It is wielding a +0 mace.
The orc shouts! x2
You hit the orc.
The orc is severely wounded.
The orc hits you but does no damage.
You hit the orc.
You kill the orc!
The orc misses you. The orc priest hits you with a +0 whip.
Things that are here:
a +0 mace; a +0 ring mail You hit the orc priest but do no damage.
You bite the orc priest, but do no damage.
The orc hits you but does no damage. The orc priest hits you with a +0 whip.
You barely miss the orc priest. Your bite misses the orc priest.
The orc hits you with a +0 mace.
The orc priest calls down the wrath of Beogh upon you.
You struggle to resist.
You closely miss the orc priest. The orc hits you with a +0 mace.
The orc priest hits you with a +0 whip.
You are too injured to fight recklessly!
You are too injured to fight recklessly!
You are too injured to fight recklessly!
You are too injured to fight recklessly!
You are too injured to fight recklessly!
You are too injured to fight recklessly!
You are too injured to fight recklessly!
You are too injured to fight recklessly!
You are too injured to fight recklessly!
You are too injured to fight recklessly!
You are too injured to fight recklessly!
You are too injured to fight recklessly!
You are too injured to fight recklessly!
You are too injured to fight recklessly!
The orc attacks as you move away! The orc hits you but does no damage.
The orc priest invokes the aid of Beogh against you.
Beogh smites you!
You die...

#.....# ..#..#
#..#[.#...##.#
#..#..... ...
#..##.##.. #.#
#>.# .. . ...
#..###### #.#
#$.......
#######.#######
.......@..#
#######o#.....#
#o#.....+
#....o.# ....#
#.###... ....#
#.... ...#
#........#
#......
#.......


You could see an orc priest and 2 orcs.

Vanquished Creatures
  Terence (D:2)
  3 adders (D:2)
  A worm (D:2)
  A dart slug (D:2)
  An orc (D:3)
  4 ball pythons
  4 bats
  5 endoplasms
  2 giant cockroaches
  6 goblins
  6 hobgoblins
  2 jackals (D:1)
  2 quokkas (D:1)
  3 kobolds
  8 rats
49 creatures vanquished.

Vanquished Creatures (others)
  A plant (D:2)
  3 withered plants (D:2)
4 creatures vanquished.

Grand Total: 53 creatures vanquished

Notes
Turn   | Place    | Note
-------+----------+-------------------------------------------
     0 | D:1      | mopl the Vine Stalker Brigand began the quest for the Orb.
     0 | D:1      | Reached XP level 1. HP: 11/11 MP: 2/2
    11 | D:1      | You fall into a shaft and drop 1 floor!
    14 | D:2      | Noticed Terence
    22 | D:2      | Killed Terence
    23 | D:2      | Reached skill level 2 in Short Blades
    23 | D:2      | Reached skill level 2 in Throwing
    23 | D:2      | Reached skill level 5 in Stealth
    23 | D:2      | Reached XP level 2. HP: 15/15 MP: 3/3
    23 | D:2      | Reached XP level 3. HP: 18/18 MP: 4/4
   196 | D:1      | Found Ninkeewe's Distillery.
   214 | D:1      | Bought a potion of degeneration for 12 gold pieces
   214 | D:1      | Bought a potion of attraction for 36 gold pieces
   553 | D:1      | Bought a potion of curing for 36 gold pieces
   572 | D:2      | Gained mutation: Your natural rate of healing is unusually
                  | fast. [Vine Stalker growth]
   572 | D:2      | Reached XP level 4. HP: 21/23 MP: 3/5
   880 | D:2      | Found a faded altar of an unknown god.
  1028 | D:3      | Reached skill level 3 in Throwing
  1076 | D:3      | Killed from afar by an orc priest

Illustrated notes

Levels and vault maps discovered:
D:1:      dpeg_arrival_round_b, layout_rooms, serial_shops, nicolae_diamond_shop
D:2:      layout_rooms, shapermc_ecumenical_altar_flowoftime, uniq_terence
D:3:      layout_basic

Skill      XL: |  1  2  3  4 |
---------------+-------------+-----
Short Blades   | 2 |  2.9
Throwing       | 2 3 |  3.0
Stealth        | 5 |  5.9
Fighting       | |  1.7
Dodging        | |  0.7

Action                     |  1- 3 |  4- 6 || total
---------------------------+-------+-------++-------
  Melee: Dagger            |    65 |    79 ||   144
         Bite              |    15 |    23 ||    38
         Punch             |     1 |     1 ||     2
   Stab: Sleeping          |     4 |     5 ||     9
 Armour: Robe              |     6 |    18 ||    24
  Dodge: Dodged            |    30 |    30 ||    60

Table legend: (Time is in decaauts)
 A = Elapsed time spent in this place.
 B = Non-inter-level travel time spent in this place.
 C = Inter-level travel time spent in this place.
 D = Time resting spent in this place.
 E = Time spent auto-exploring this place.
 F = Levels seen in this place.
 G = Mean time per level.
                   A        B        C        D        E       F      G
               +--------+--------+--------+--------+--------+-----+--------+
         Total |   1056 |    981 |     75 |      0 |    639 |   3 |  352.0 |
       Dungeon |   1056 |    981 |     75 |      0 |    639 |   3 |  352.0 |
               +--------+--------+--------+--------+--------+-----+--------+

Top non-repeatable levels by time:
     D:2: 543 daAuts
     D:1: 460 daAuts
     D:3: 53 daAuts
